 Dungeon Crawl Stone Soup version 0.24.0-125-gc4c63601f3 (webtiles) character file.

Game seed: 2947027446595630085, levelgen mode: deterministic

28 Descartes the Ducker (level 2, -2/14 HPs)
             Began as a Felid Chaos Knight on Feb 29, 2020.
             Was a Plaything of Xom.
             Slain by a worm (11 damage)
             ... on level 2 of the Dungeon.
             The game lasted 00:01:18 (888 turns).

Descartes the Ducker (Felid Chaos Knight)            Turns: 888, Time: 00:01:19

Health: -2/14      AC:  1    Str:  8    XL:     2   Next: 96%
Magic:  3/3        EV: 19    Int: 13    God:    Xom [..*...]
Gold:   42         SH:  0    Dex: 15    Spells: 1/1 levels left
                                        Lives:  0   Deaths: 0

rFire    . . .     SeeInvis +     - Unarmed
rCold    . . .     Gourm    .   (shield unavailable)
rNeg     . . .     Faith    .   (armour unavailable)
rPois    .         Spirit   .   (helmet unavailable)
rElec    .         Reflect  .   (cloak unavailable)
rCorr    .         Harm     .   (gloves unavailable)
MR       .....                  (boots unavailable)
Stlth    ++........             (no amulet)
HPRegen  0.04/turn              (no ring)
MPRegen  0.08/turn              (no ring)

@: quick
A: very small, no armour, no weapons or thrown items, stealth, claws 1, fangs 3,
see invisible, carnivore, speed 1, shaggy fur 1, slow metabolism 1, sharp paws
a: Renounce Religion


You were on level 2 of the Dungeon.
You worshipped Xom.
You were a toy of Xom.
You were full.

You visited 1 branch of the dungeon, and saw 2 of its levels.

You collected 42 gold pieces.

Inventory:

Missiles
 f - 60 stones
Scrolls
 c - a scroll of remove curse {unknown}
 d - 3 scrolls of identify {unknown}
 e - a scroll of enchant armour {unknown}
 g - a scroll of enchant weapon {unknown}
Potions
 b - a potion of might {unknown}
Comestibles
 a - 3 rations


   Skills:
 + Level 3.2 Fighting
 + Level 3.6 Dodging
 + Level 1.5 Stealth
 * Level 3.5 Unarmed Combat


You had one spell level left.
You didn't know any spells.
Your spell library was empty.

Dungeon Overview and Level Annotations

Branches:
Dungeon (2/15)

Altars:


Innate Abilities, Weirdness & Mutations

You cannot wear armour.
You are incapable of wielding weapons or throwing items.
Your paws allow you to move quietly. (Stealth)
You have sharp claws.
You have razor-sharp teeth.
You have supernaturally acute eyesight. (SInv)
You are carnivorous and can eat meat at any time.
You cover ground quickly.
You are covered in fur. (AC +1)
You have a slow metabolism.
Your sharp claws are effective at attacking unaware monsters.


Message History

The worm completely misses you.
You scratch the worm.
The worm is severely wounded.
The worm closely misses you.
You scratch the worm but do no damage.
The worm is heavily wounded.
You claw the worm!
The worm is almost dead.
The worm closely misses you.
You barely miss the worm. Your bite misses the worm.
The worm is almost dead.
You scratch the worm but do no damage.
The worm is almost dead.
The worm barely misses you.
You scratch the worm.
You kill the worm!
There is a stone staircase leading down here.
You climb downwards.
The worm bites you!
Ouch! That really hurt!
You die...

..##........... .
............. ...
##....?.....
....##..#([......
.....[.#..(......
#.............
#..###......... #
##.........
#@w#####.## #w##
..# #.# .. ..#
.#.. ..#.. ## ###


You could see 2 worms.

Vanquished Creatures
  An adder (D:1)
  A worm (D:1)
  2 hobgoblins (D:1)
  5 jackals (D:1)
  A kobold (D:2)
  A bat (D:1)
  2 frilled lizards (D:1)
  3 rats (D:1)
16 creatures vanquished.

Notes
Turn   | Place    | Note
-------+----------+-------------------------------------------
     0 | D:1      | Descartes the Felid Chaos Knight began the quest for the
                  | Orb.
     0 | D:1      | Reached XP level 1. HP: 10/10 MP: 2/2
   313 | D:1      | Reached XP level 2. HP: 13/14 MP: 3/3
   438 | D:1      | Reached skill level 1 in Stealth
   447 | D:1      | XOM: divination: detect creatures
   888 | D:2      | Slain by a worm

Levels and vault maps discovered:
D:1:      elethiomel_arrival_infinity_welcomes_careful_drivers, layout_rooms,
          minivault_23, hangedman_decor_peaks_small, minmay_bisected
D:2:      layout_rooms, nicolae_overflow_crystal_walls,
          nicolae_ru_path_of_blood, uniq_crazy_yiuf_cottage

Skill      XL: |  1  2 |
---------------+-------+-----
Stealth        | 1 |  1.5
Fighting       | |  3.2
Dodging        | |  3.6
Unarmed Combat | |  3.5

Action                   || total
-------------------------++-------
Melee: Unarmed           ||    53
       Bite              ||     1
 Stab: Sleeping          ||     1
  Eat: Chunk             ||     4
Armor: Skin              ||     1
Dodge: Dodged            ||    49
